 Dungeon Crawl Stone Soup version 0.26.1-2-gb8aa6d0cf2 (webtiles) character file.

Game seed: 3025559335050855244

48 Gadfly the Cudgeller (level 3, -3/23 HPs)
             Began as a Gargoyle Berserker on Feb 26, 2021.
             Was a Believer of Trog.
             Killed from afar by Ijyb (18 damage)
             ... with an iceblast
             ... on level 3 of the Dungeon.
             The game lasted 00:03:04 (2235 turns).

Gadfly the Cudgeller (Gargoyle Berserker)           Turns: 2235, Time: 00:03:04

Health: -3/23      AC:  5    Str: 20    XL:     3   Next: 72%
Magic:  3/3        EV: 12    Int:  7    God:    Trog [**....]
Gold:   64         SH:  5    Dex: 10    Spells: 2/2 levels left

rFire    . . .     SeeInvis .   b - +2 dagger (flame)
rCold    . . .     Faith    .   (no shield)
rNeg     + . .     Spirit   .   h - +0 animal skin
rPois    ∞         Reflect  +   (no helmet)
rElec    +         Harm     .   (no cloak)
rCorr    .         Rampage  .   (no gloves)
Will     .....                  (no boots)
Stlth    +.........             e - amulet of reflection
HPRegen  0.07/turn              k - ring of flight
MPRegen  0.08/turn              (no ring)

@: no status effects
A: negative energy resistance 1, electricity resistance, unbreathing,
petrification resistance, miasma immunity, AC +3
a: Renounce Religion, Evoke Flight, Berserk, Trog's Hand


You were on level 3 of the Dungeon.
You worshipped Trog.
Trog was pleased with you.
You visited 1 branch of the dungeon, and saw 3 of its levels.

You collected 64 gold pieces.

Inventory:

Hand Weapons
 a - a +0 mace
 b - a +2 dagger of flaming (weapon)
Armour
 c - a +0 tower shield
 h - a +0 animal skin (worn)
Jewellery
 e - an amulet of reflection (around neck)
 k - a ring of flight (left hand)
Potions
 d - a potion of berserk rage
 f - a potion of lignification
 i - a potion of heal wounds


   Skills:
 + Level 3.3 Fighting
 * Level 3.5 Maces & Flails
 + Level 2.4 Armour
 - Level 1.5 Dodging
 * Level 1.4 Shields
 * Level 1.4 Evocations


You had 2 spell levels left.
You didn't know any spells.
Your spell library was empty.

Dungeon Overview and Level Annotations

Branches:
Dungeon (3/15)

Altars:

Annotations:
D:3 Ijyb


Innate Abilities, Weirdness & Mutations

You are resistant to torment.
Your stone body is resilient. (AC +3)
You are immune to poison.
You resist negative energy. (rN+)
You are resistant to electric shocks. (rElec)
You can survive without breathing.
You are immune to petrification.
You are immune to miasma.


Message History

Done exploring.
Done exploring.
(D) Dungeon
Where to? (Enter - D:2, ? - help)
You see here a stone.
There is a stone staircase leading down here.
You climb downwards.
Ijyb the Twisted Goblin comes into view.
She is wielding a +0 club and carrying a wand of iceblast (11).
Ijyb shouts!
Found a potion of curing.
There is a stone staircase leading up here.
Ijyb is nearby!
A hobgoblin comes into view.
The hobgoblin shouts!
Ijyb zaps a wand.
The mass of ice explodes!
The iceblast engulfs you!
The hobgoblin moves out of view.
You hear a shout! x2; You hear an angry hiss.
Ijyb zaps a wand.
The mass of ice explodes!
The iceblast engulfs you!!
Ouch! That really hurt!
You die...

# #! .## #..#
....
##...#####...#
#............#
#.# #<# .#
..g.###.###..##
#............
#....@.....##
.....##.######
..#.. #g# ....
..# ... ..# .#.
..## .# .#


You could see Ijyb and a hobgoblin.

Vanquished Creatures
  2 worms (D:2)
  A dart slug (D:1)
  A leopard gecko (D:1)
  4 bats
  2 giant cockroaches (D:1)
  5 goblins
  7 hobgoblins
  A ball python (D:2)
  2 frilled lizards
  5 kobolds
  7 rats
37 creatures vanquished.

Notes
Turn   | Place    | Note
-------+----------+-------------------------------------------
     0 | D:1      | Gadfly the Gargoyle Berserker began the quest for the Orb.
     0 | D:1      | Reached XP level 1. HP: 14/14 MP: 1/1
   176 | D:1      | Reached XP level 2. HP: 17/19 MP: 2/2
   252 | D:1      | Reached skill level 1 in Shields
   703 | D:1      | Reached skill level 1 in Evocations
   961 | D:1      | Reached XP level 3. HP: 23/23 MP: 3/3
  1628 | D:2      | Reached ** piety under Trog
  2232 | D:3      | Noticed Ijyb
  2235 | D:3      | Killed from afar by Ijyb

Illustrated notes

Levels and vault maps discovered:
D:1:      dpeg_arrival_round_a, layout_basic
D:2:      minmay_chambers_of_ones, layout_loops_ring
D:3:      layout_loops_ring, minitemple, uniq_ijyb

Skill      XL: |  1  2 |
---------------+-------+-----
Shields        | 1 |  1.4
Evocations     | 1 |  1.4
Fighting       | |  3.3
Maces & Flails | |  3.5
Armour         | |  2.4
Dodging        | |  1.5

Action                   || total
-------------------------++-------
Melee: Mace              ||   112
       Dagger            ||    21
  Use: Scroll            ||     9
       Potion            ||     2
Armor: Animal skin       ||    48
Dodge: Dodged            ||    96
Block: Other             ||    14
